 Dungeon Crawl Stone Soup version 0.26.1-2-gb8aa6d0cf2 (webtiles) character file.

Game seed: 11930456048935063636

53 funkygono the Firebug (level 3, 0/26 HPs)
             Began as a Hill Orc Fire Elementalist on Feb 10, 2021.
             Succumbed to an adder's poison
             ... on level 2 of the Dungeon.
             The game lasted 00:03:01 (1343 turns).

funkygono the Firebug (Hill Orc Fire Elementalist)  Turns: 1343, Time: 00:03:02

Health: 0/26       AC:  4    Str: 11    XL:     3   Next: 87%
Magic:  1/6        EV: 11    Int: 15    God:
Gold:   45         SH:  0    Dex: 11    Spells: 2/6 levels left

rFire    x . .     SeeInvis .   e - +1 hand axe
rCold    + . .     Faith    .   (no shield)
rNeg     . . .     Spirit   .   h - +0 leather armour
rPois    .         Reflect  .   g - +0 helmet
rElec    .         Harm     .   (no cloak)
rCorr    .         Rampage  .   (no gloves)
Will     .....                  (no boots)
Stlth    ++........             (no amulet)
HPRegen  0.08/turn              c - ring of ice
MPRegen  0.10/turn              (no ring)

@: lethally poisoned (0 -> -9)
A: no striking features
a: no special abilities


You were on level 2 of the Dungeon.
You visited 1 branch of the dungeon, and saw 2 of its levels.

You collected 45 gold pieces.

Inventory:

Hand Weapons
 e - a +1 hand axe (weapon)
Missiles
 n - 32 stones
Armour
 a - a +0 robe
 g - a +0 helmet (worn)
 h - a +0 leather armour (worn)
Jewellery
 c - a ring of ice (left hand)
Scrolls
 b - a scroll of teleportation
Potions
 d - a potion of berserk rage
 i - 4 potions of curing
 k - a potion of magic {unknown}


   Skills:
 + Level 0.4 Axes
 + Level 0.1 Armour
 + Level 1.7 Dodging
 + Level 1.9 Stealth
 * Level 2.2 Spellcasting
 * Level 1.6 Conjurations
 * Level 3.8 Fire Magic


You had 2 spell levels left.
You knew the following spells:

 Your Spells              Type           Power        Failure   Level
a - Foxfire               Conj/Fire      36%          10%         1
b - Conjure Flame         Conj/Fire      9%           28%         3

Your spell library contained the following spells:

 Spells                   Type           Power        Failure   Level
 Inner Flame              Hex/Fire       7%           36%         3
 Sticky Flame             Conj/Fire      9%           67%         4
 Fireball                 Conj/Fire      4%           95%         5


Dungeon Overview and Level Annotations

Branches:
Dungeon (2/15)

Altars:


Message History

* * * LOW HITPOINT WARNING * * *
You feel sick. The adder barely misses you. The adder bites you.
* * * LOW HITPOINT WARNING * * *
You hit the adder but do no damage.
The adder is moderately wounded.
* * * LOW HITPOINT WARNING * * *
You feel sick. The adder barely misses you.
You slash the adder!
You kill the adder!
* * * LOW HITPOINT WARNING * * *
You feel sick.
* * * LOW HITPOINT WARNING * * *
You feel sick. The worm bites you but does no damage.
You hit the worm.
The worm is moderately wounded.
* * * LOW HITPOINT WARNING * * *
You feel sick. The worm bites you but does no damage.
You hit the worm.
The worm is heavily wounded.
You die...

########
##########....<.#
#..........####.#
#.########## #.#
#.# #.# #@# #.#
######w##### #.#
.........ยง..#
#..
......).......#
###
.######...#w....
...#. ...#
.#.#._. ...
##...#.#. .. ...
... .


You could see a worm.

Vanquished Creatures
  2 adders (D:2)
  5 dart slugs (D:1)
  2 ball pythons (D:1)
  3 bats
  A giant cockroach (D:1)
  2 goblins (D:1)
  3 hobgoblins (D:1)
  2 kobolds (D:1)
  2 frilled lizards (D:1)
  5 rats (D:1)
27 creatures vanquished.

Vanquished Creatures (others)
  50 foxfires
50 creatures vanquished.

Grand Total: 77 creatures vanquished

Notes
Turn   | Place    | Note
-------+----------+-------------------------------------------
     0 | D:1      | funkygono the Hill Orc Fire Elementalist began the quest
                  | for the Orb.
     0 | D:1      | Reached XP level 1. HP: 14/14 MP: 3/3
   167 | D:1      | Reached XP level 2. HP: 20/20 MP: 1/4
   727 | D:1      | Reached XP level 3. HP: 26/26 MP: 4/6
  1245 | D:1      | Learned a level 3 spell: Conjure Flame
  1325 | D:2      | Found a faded altar of an unknown god.
  1342 | D:2      | HP: 1/26 [poisoned by an adder]
  1343 | D:2      | Succumbed to an adder's poison

Illustrated notes

Levels and vault maps discovered:
D:1:      minmay_arrival_widening_spiral_wide, layout_loops_ring
D:2:      layout_loops_ring, chequers_ecumenical_altar_simple_redux

Skill      XL: |  1  2 |
---------------+-------+-----
Spellcasting   | 2 |  2.2
Axes           | |  0.4
Armour         | |  0.1
Dodging        | |  1.7
Stealth        | |  1.9
Conjurations   | |  1.6
Fire Magic     | |  3.8

Action                   || total
-------------------------++-------
Melee: Hand axe          ||    38
 Cast: Foxfire           ||    33
  Use: Scroll            ||     6
 Stab: Sleeping          ||     1
Armor: Robe              ||     4
       Leather armour    ||    15
Dodge: Dodged            ||    40
